 Dungeon Crawl Stone Soup version 0.23-a0-516-g0f8c245 (webtiles) character file.

10033 galech the Cleaver (level 11, -1/84 HPs)
             Began as a Demonspawn Fighter on Dec 5, 2018.
             Was an Elder of Okawaru.
             Killed from afar by a gargoyle (32 damage)
             ... with a stone arrow
             ... on level 11 of the Dungeon.
             The game lasted 00:15:22 (11667 turns).

galech the Cleaver (Demonspawn Fighter)            Turns: 11667, Time: 00:15:23

Health: -1/84      AC: 21    Str: 16    XL:     11   Next: 30%
Magic:  11/11      EV:  5    Int: 11    God:    Okawaru [****..]
Gold:   560        SH: 13    Dex: 18    Spells: 10/10 levels left

rFire    . . .     SeeInvis .   N - +3 broad axe (elec)
rCold    . . .     Gourm    .   A - +2 shield
rNeg     . . .     Faith    .   u - +1 plate armour
rPois    +         Spirit   .   j - +0 helmet
rElec    .         Reflect  .   y - +0 cloak
rCorr    .         Harm     .   x - +0 pair of gloves
MR       .....                  (no boots)
Stlth    ..........             (no amulet)
HPRegen  0.24/turn              o - ring of poison resistance
MPRegen  0.12/turn              b - +3 ring of dexterity

@: drained
A: talons 2, thin metallic scales 2, powered by death 1
a: Heroism, Renounce Religion


You were on level 11 of the Dungeon.
You worshipped Okawaru.
Okawaru was greatly pleased with you.
You were not hungry.

You visited 2 branches of the dungeon, and saw 12 of its levels.
You also visited: Sewer.

You collected 687 gold pieces.
You spent 127 gold pieces at shops.

Inventory:

Hand Weapons
 N - a +3 broad axe of electrocution (weapon)
Armour
 c - a +0 shield
 j - a +0 helmet (worn)
 u - a +1 plate armour (worn)
 x - a +0 pair of gloves (worn)
 y - a +0 cloak (worn)
 z - a +2 robe of cold resistance
 A - a +2 shield (worn)
Jewellery
 b - a +3 ring of dexterity (right hand)
 o - a ring of poison resistance (left hand)
 s - a +3 ring of intelligence
 C - a +3 ring of intelligence
 F - a +4 ring of intelligence
Wands
 t - a wand of digging (8)
 G - a wand of enslavement (9)
 I - a wand of random effects (10)
 J - a wand of flame (17)
 K - a wand of paralysis (6)
 L - a wand of polymorph (4)
Scrolls
 i - 6 scrolls of teleportation
 k - 3 scrolls of amnesia
 m - a scroll of blinking
 p - 2 scrolls of magic mapping
 v - a scroll of fog
 B - 6 scrolls of identify
 D - 4 scrolls of remove curse
 E - a scroll of immolation {unknown}
Potions
 a - a potion of ambrosia {unknown}
 d - a potion of might
 e - 5 potions of haste {unknown}
 g - a potion of degeneration {unknown}
 h - 5 potions of curing {unknown}
 l - 4 potions of brilliance {unknown}
 n - 3 potions of heal wounds {unknown}
 q - 2 potions of lignification {unknown}
 r - 3 potions of flight
 w - 3 potions of agility
Comestibles
 f - 25 rations
 H - 6 chunks of flesh


   Skills:
 + Level 7.2(7.0) Fighting
 + Level 10.5(10.2) Axes
 + Level 7.3(7.1) Armour
 + Level 2.4(2.2) Dodging
 + Level 0.6(0.4) Stealth
 + Level 9.0(8.7) Shields
 + Level 0.2(0.0) Invocations


You had 10 spell levels left.
You didn't know any spells.
Your spell library contained the following spells:

 Spells                   Type           Power        Failure   Level  Hunger
 Animate Skeleton         Necr           N/A          100%        1    ##.....
 Apportation              Tloc           #.....       100%        1    ##.....
 Confusing Touch          Hex            #.....       100%        1    ##.....
 Magic Dart               Conj           #...         100%        1    ##.....
 Sting                    Conj/Pois      #...         100%        1    ##.....
 Summon Small Mammal      Summ           #...         100%        1    ##.....
 Call Imp                 Summ           #.......     100%        2    ###....
 Poisonous Vapours        Pois/Air       #.....       100%        2    ###....
 Searing Ray              Conj           #.....       100%        2    ###....
 Call Canine Familiar     Summ           #.......     100%        3    ####...
 Dazzling Spray           Conj/Hex       #.....       100%        3    ####...
 Mephitic Cloud           Conj/Pois/Air  #.......     100%        3    ####...
 Summon Guardian Golem    Hex/Summ       #.......     100%        3    ####...
 Force Lance              Conj/Tloc      #.......     100%        4    #####..
 Fulminant Prism          Conj/Hex       #.........   100%        4    #####..
 Iskenderun's Mystic Bla  Conj           #.......     100%        4    #####..
 Olgreb's Toxic Radiance  Pois           #.......     100%        4    #####..
 Summon Ice Beast         Ice/Summ       #.......     100%        4    #####..
 Summon Lightning Spire   Summ/Air       #.......     100%        4    #####..
 Venom Bolt               Conj/Pois      #.........   100%        5    ######.


Dungeon Overview and Level Annotations

Branches:
Dungeon (11/15)            Temple (1/1) D:7            Lair (0/6) D:9
    Orc: D:9-12

Altars:
Ashenzari
Dithmenos
Kikubaaqudgha
Okawaru
Qazlal
Sif Muna
Trog
Uskayaw
Wu Jian
Yredelemnul
The Shining One

Shops:
D:4 %   D:7 *   D:9 *


Innate Abilities, Weirdness & Mutations

You have razor-sharp toenails.
You are mostly covered in thin metallic scales. (AC +3)
You regenerate a little health from kills.


Message History

The gargoyle is moderately damaged.
The gargoyle hurls a stone arrow at you.
The stone arrow hits you!
You hit the gargoyle but do no damage.
You claw the gargoyle, but do no damage.
The gargoyle is moderately damaged.
You block the gargoyle's attack.
You slash the gargoyle!
You claw the gargoyle, but do no damage.
The gargoyle is severely damaged.
The gargoyle hurls a stone arrow at you.
You block the stone arrow.
You hit the gargoyle but do no damage.
The gargoyle is severely damaged.
You block the gargoyle's attack.
You completely miss the gargoyle.
The gargoyle is severely damaged.
The gargoyle hurls a stone arrow at you.
The stone arrow hits you!
You die...

###≈..............
#.'........^......
####.'...÷............
.....#≈.)............≈
######≈.####....####.≈
######≈.# #....# .≈
[....#≈.# #....#
.....#≈.####....####.≈#
.....#≈....)....@9...≈#
.....#≈≈≈≈≈≈≈..≈≈≈≈≈≈≈#
.....########++########
......# ......# #######
#


You could see a gargoyle.

Vanquished Creatures
  Harold (D:11)
  A manticore (D:11)
  A cyclops (D:11)
  An ugly thing (D:10)
  A hippogriff (D:8)
  9 yaks (D:10)
  A water elemental (D:11)
  2 wraiths
  2 hungry ghosts (D:7)
  A steam dragon (D:11)
  4 orc warriors
  2 ice beasts
  A black bear (D:10)
  A necrophage (D:10)
  8 ogres
  A phantom (D:11)
  2 sky beasts
  4 centaurs
  14 big kobolds
  Blork the orc (D:5)
  2 bullfrogs (D:7)
  A gnoll sergeant (D:5)
  5 killer bees (D:7)
  7 wights
  7 howler monkeys
  5 crimson imps
  A bullfrog zombie (D:8)
  2 centaur zombies
  A jelly (D:9)
  5 orc priests
  5 hounds
  A bullfrog skeleton (D:5)
  3 centaur skeletons
  3 orc wizards
  4 iguanas
  2 worker ants
  A hound zombie (D:7)
  2 hound skeletons
  2 worker ant zombies
  9 gnolls
  5 adders
  2 river rats (Sewer)
  A shadow imp (D:7)
  7 oozes
  An adder zombie (D:9)
  An adder skeleton (D:5)
  4 worms
  A dart slug (D:4)
  12 leopard geckos
  31 orcs
  4 ball pythons
  5 bats
  3 giant cockroaches
  15 goblins
  8 hobgoblins
  12 jackals
  5 quokkas
  2 frilled lizards (D:3)
  A jackal skeleton (D:8)
  49 kobolds
  2 leopard gecko skeletons
  A leopard gecko zombie (D:5)
  13 rats
311 creatures vanquished.

Notes
Turn   | Place    | Note
-------+----------+-------------------------------------------
     0 | D:1      | galech the Demonspawn Fighter began the quest for the Orb.
     0 | D:1      | Reached XP level 1. HP: 18/18 MP: 1/1
   185 | D:1      | Gained mutation: You regenerate a little health from kills.
                  | [demonic ancestry]
   185 | D:1      | Reached XP level 2. HP: 22/24 MP: 2/2
   495 | D:1      | Reached skill level 2 in Axes
   731 | D:2      | Reached XP level 3. HP: 29/29 MP: 3/3
  1126 | D:2      | Noticed an ogre
  1305 | D:3      | Found an ornate altar of the Wu Jian Council.
  1389 | D:3      | Reached XP level 4. HP: 32/35 MP: 4/4
  1414 | D:3      | Noticed a big kobold
  1449 | D:3      | Killed a big kobold
  1449 | D:3      | Reached XP level 5. HP: 31/41 MP: 5/5
  1456 | D:3      | Reached skill level 3 in Axes
  2055 | D:3      | Reached skill level 1 in Dodging
  2531 | D:3      | Gained mutation: You have sharp toenails. [demonic
                  | ancestry]
  2531 | D:3      | Reached XP level 6. HP: 48/48 MP: 6/6
  2540 | D:3      | Reached skill level 4 in Axes
  2574 | D:3      | Reached XP level 7. HP: 44/54 MP: 7/7
  2807 | D:3      | Reached skill level 5 in Axes
  3428 | D:4      | Reached skill level 5 in Shields
  3483 | D:4      | Gained mutation: You are partially covered in thin metallic
                  | scales. (AC +2) [demonic ancestry]
  3483 | D:4      | Reached XP level 8. HP: 61/61 MP: 8/8
  3491 | D:4      | Found a glowing drain.
  3512 | Sewer    | Entered a sewer
  3997 | Sewer    | Reached skill level 6 in Axes
  4323 | D:4      | Found Viguis's Food Shoppe.
  4406 | D:5      | Entered Level 5 of the Dungeon
  4784 | D:5      | Reached skill level 5 in Fighting
  5209 | D:6      | Noticed Blork the orc
  5435 | D:5      | Reached skill level 5 in Armour
  5445 | D:5      | Reached XP level 9. HP: 64/68 MP: 9/9
  5467 | D:5      | Killed Blork the orc
  5467 | D:5      | Reached skill level 7 in Axes
  7090 | D:7      | Found Uhoo's Assorted Antiques.
  7586 | D:7      | Found a staircase to the Ecumenical Temple.
  7658 | Temple   | Entered the Ecumenical Temple
  7667 | Temple   | Became a worshipper of Warmaster Okawaru
  7713 | D:7      | Reached skill level 8 in Axes
  8297 | D:8      | Reached * piety under Okawaru
  8329 | D:8      | Gained mutation: You are mostly covered in thin metallic
                  | scales. (AC +3) [demonic ancestry]
  8329 | D:8      | Reached XP level 10. HP: 64/76 MP: 10/10
  8837 | D:9      | Found Untitaicw's Assorted Antiques.
  8864 | D:9      | Bought a scroll of enchant weapon for 127 gold pieces
  8992 | D:9      | Found a bloodstained altar of Trog.
  9004 | D:9      | Found a glowing golden altar of the Shining One.
  9059 | D:9      | Found a staircase to the Lair.
  9508 | D:9      | Found a shadowy altar of Dithmenos.
  9814 | D:10     | Entered Level 10 of the Dungeon
  9814 | D:10     | Noticed a purple ugly thing
  9831 | D:10     | Killed a purple ugly thing
 10023 | D:10     | Reached skill level 9 in Axes
 10029 | D:10     | Reached ** piety under Okawaru
 10663 | D:10     | Reached *** piety under Okawaru
 10889 | D:11     | Gained mutation: You have razor-sharp toenails. [demonic
                  | ancestry]
 10889 | D:11     | Reached XP level 11. HP: 59/84 MP: 11/11
 10951 | D:11     | Noticed Harold
 10966 | D:11     | Killed Harold
 10966 | D:11     | Reached skill level 10 in Axes
 10984 | D:11     | Found a shattered altar of Ashenzari.
 11100 | D:11     | Reached **** piety under Okawaru
 11667 | D:11     | Killed from afar by a gargoyle

Vault maps used:
D:1:      ncdulo_halloftheorcs
D:3:      minmay_goblin_kobold_castle, lemuel_crystal_altar, minmay_statues_item
D:4:      serial_shops, nicolae_shop_behind_doors, cheibrodos_sewer_entry_drain
D:5:      first_ration
D:6:      sword_in_stone
D:7:      minmay_temple_entry_glassed_door, serial_shops,
          nicolae_shop_waterfront
D:9:      kennysheep_little_box, amethyst_overflow_temple_binary,
          dpeg_oklobed_lair, serial_shops, nicolae_shop_trees
D:11:     david_orc_2, basic_altar, hangedman_pestilent_swarm,
          hangedman_abyss_or_decor_slice, kennysheep_dice, uniq_harold
Temple:   compressed_dpeg_circular_temple
Sewer:    sewer_co_tree

Skill      XL: |  1  2  3  4  5  6  7  8  9 10 11 |
---------------+----------------------------------+-----
Shields        | 3 4 5 6 7 8 9 |  9.0
Axes           | 2 3 4 5 6 8 9 10 | 10.5
Armour         | 3 4 5 7 |  7.3
Dodging        | 1 2 |  2.4
Fighting       | 4 5 6 7 |  7.2
Stealth        | |  0.6
Invocations    | |  0.2

Action                   |  1- 3 |  4- 6 |  7- 9 | 10-12 || total
-------------------------+-------+-------+-------+-------++-------
Melee: War axe           |    98 |   111 |       |       ||   209
       Hand axe          |       |    79 |   627 |   225 ||   931
       Kick              |       |    16 |   159 |   141 ||   316
       Broad axe         |       |       |       |    98 ||    98
Invok: Heroism           |       |       |       |     2 ||     2
  Use: Scroll            |       |       |    15 |     2 ||    17
       Potion            |       |       |     3 |       ||     3
  Eat: Chunk             |     2 |     4 |    22 |    11 ||    39
       Ration            |       |       |     2 |       ||     2
Armor: Scale mail        |    54 |    19 |       |       ||    73
       Chain mail        |       |    41 |       |       ||    41
       Plate armour      |       |    69 |   320 |   120 ||   509
Dodge: Dodged            |    25 |    31 |    73 |    42 ||   171
Block: Shield            |    52 |   101 |   347 |   156 ||   656

Table legend:
 A = Non-vault XP
 B = Vault XP
 C = Vault XP percentage of total XP
 D = Non-vault monster count
 E = Vault monster count
 F = Vault count percentage of total count
                 A         B        C        D         E       F
            +---------+---------+-------+---------+---------+-------
      Total |   10895 |    3439 |  24.0 |     224 |      87 |  28.0
            +---------+---------+-------+---------+---------+-------
        D:1 |      33 |       0 |   0.0 |      18 |       0 |   0.0
        D:2 |     188 |       0 |   0.0 |      19 |       0 |   0.0
        D:3 |     211 |     947 |  81.8 |      34 |      49 |  59.0
        D:4 |     102 |       5 |   4.7 |       9 |       4 |  30.8
        D:5 |     403 |     440 |  52.2 |       8 |       4 |  33.3
        D:6 |     566 |       0 |   0.0 |      27 |       0 |   0.0
        D:7 |    1424 |       0 |   0.0 |      30 |       0 |   0.0
        D:8 |     749 |       0 |   0.0 |      19 |       0 |   0.0
        D:9 |     789 |       0 |   0.0 |      15 |       0 |   0.0
       D:10 |    4152 |       0 |   0.0 |      31 |       0 |   0.0
       D:11 |    2278 |    1461 |  39.1 |      14 |       2 |  12.5
      Sewer |       0 |     586 | 100.0 |       0 |      28 | 100.0
            +---------+---------+-------+---------+---------+-------
